 Dungeon Crawl Stone Soup version 0.18.1-50-g88ac8fd (webtiles) character file.

207 Peloso the Shield-Bearer (level 5, -13/47 HPs)
             Began as a Minotaur Fighter on Oct 3, 2016.
             Killed from afar by a smoke demon (15 damage)
             ... with a ball of steam
             ... on level 2 of the Abyss.
             The game lasted 00:09:06 (3537 turns).

Peloso the Shield-Bearer (Minotaur Fighter)         Turns: 3537, Time: 00:09:06

Health: -13/47     AC:  7    Str: 21    XL:     5   Next: 54%
Magic:  4/4        EV:  8    Int:  5    God:
Gold:   205        SH: 11    Dex: 12    Spells: 0 memorised, 4 levels left

rFire  . . .     SeeInvis +     a - +0 long sword
rCold  . . .     Gourm    .     b - +0 scale mail
rNeg   . . .     Faith    .     c - +1 shield
rPois  .         Spirit   .     (helmet restricted)
rElec  .         Dismiss  .     (no cloak)
rCorr  .         Reflect  .     (no gloves)
SustAt .         Harm     .     (no boots)
MR     .....                    q - amulet of rage
Stlth  ..........               n - ring of see invisible
                                g - +2 ring of dexterity

@: lethally poisoned (-13 -> -17), slowed, very slow, not resistant to hostile
enchantments, extremely unstealthy
A: retaliatory headbutt, horns 2
a: Evoke Berserk Rage


You were on level 2 of the Abyss.
You were not hungry.

You visited 1 branch of the dungeon, and saw 4 of its levels.
You visited the Abyss 1 time.

You collected 205 gold pieces.

Inventory:

Hand Weapons
 a - a +0 long sword (weapon)
Armour
 b - a +0 scale mail (worn)
 c - a +1 shield (worn)
Jewellery
 g - a +2 ring of dexterity (left hand)
 l - an uncursed ring of resist corrosion
 n - a ring of see invisible (right hand)
 q - an amulet of rage (around neck)
Scrolls
 k - 2 scrolls of remove curse {unknown}
 m - a scroll of teleportation {unknown}
 o - a scroll of fog {unknown}
 p - 2 scrolls of identify {unknown}
 r - a scroll of fear {unknown}
 s - 2 scrolls of recharging {unknown}
Potions
 d - a potion of might
 e - 2 potions of degeneration {unknown}
 h - a potion of heal wounds {unknown}
 i - a potion of curing {unknown}
 t - a potion of mutation {unknown}
 w - a potion of flight {unknown}
Comestibles
 f - 6 bread rations
 j - 3 beef jerkies


   Skills:
 + Level 4.4 Fighting
 + Level 3.1 Long Blades
 + Level 4.8 Armour
 + Level 2.3 Dodging
 + Level 0.3 Stealth
 + Level 5.0 Shields


You had 4 spell levels left.
You didn't know any spells.

Dungeon Overview and Level Annotations

Branches:
Dungeon (4/15)
 Temple: D:4-7

Altars:

Annotations:
D:3 veneficus's ghost, amateur MiFi


Innate Abilities, Weirdness & Mutations

You reflexively headbutt those who attack you in melee.
You have a pair of horns on your head.


Message History

The ynoxinul gestures.
The guardian serpent coils itself and waves its upper body at you.
You feel yourself slow down. The naga spits poison at you.
The splash of poison hits you!
You are more poisoned.
* * * LOW HITPOINT WARNING * * *
The ufetubus hits you.
* * * LOW HITPOINT WARNING * * *
You block the ufetubus's attack.
You closely miss the naga. Your headbutt misses the naga.
The naga is severely wounded.
* * * LOW HITPOINT WARNING * * *
You feel sick.
The guardian serpent closely misses you.
The ufetubus barely misses you.
The ufetubus hits you but does no damage.
The smoke demon gestures at you. The ball of steam hits you!
You die...

.. #.# .## ... ....
#.# ......##..##
### # #.#.##.. #..
........(5#N#
#....#.###@##
##.##...5S33#
#..#.#..###55. # #
#.....#.#.....#
.#.# ##.... .##...#
........#...#.#####
#.. ..#.##.#.. . #
###....#.###.... ..
#### ... ....)


You could see a guardian serpent, a smoke demon, a ynoxinul, a naga and 4
ufetubi.

Vanquished Creatures
  A centaur (D:4)
  4 adders
  4 worms
  3 dart slugs
  3 giant geckos
  An orc (D:3)
  5 giant cockroaches
  7 goblins
  7 hobgoblins
  4 jackals
  A quokka (D:3)
  3 ball pythons
  7 bats
  2 giant newts
  2 kobolds
  12 rats
66 creatures vanquished.

Notes
Turn   | Place    | Note
--------------------------------------------------------------
     0 | D:1      | Peloso the Minotaur Fighter began the quest for the Orb.
     0 | D:1      | Reached XP level 1. HP: 19/19 MP: 0/0
   111 | D:1      | Reached XP level 2. HP: 25/27 MP: 1/1
   435 | D:1      | Reached skill level 4 in Shields
   622 | D:1      | Reached XP level 3. HP: 33/33 MP: 2/2
   975 | D:2      | Reached skill level 1 in Dodging
  1192 | D:3      | Reached XP level 4. HP: 40/40 MP: 3/3
  1260 | D:3      | Noticed veneficus's ghost (amateur MiFi)
  3327 | D:4      | Noticed a centaur
  3333 | D:4      | Killed a centaur
  3333 | D:4      | Reached skill level 5 in Shields
  3333 | D:4      | Reached XP level 5. HP: 32/47 MP: 4/4
  3434 | D:4      | Cast into level 1 of the Abyss (a distortion unwield)
  3449 | Abyss:1  | Noticed a large abomination
  3515 | Abyss:2  | Noticed a guardian serpent
  3515 | Abyss:2  | Noticed a naga warrior
  3515 | Abyss:2  | Noticed a naga
  3516 | Abyss:2  | Noticed a naga warrior
  3528 | Abyss:2  | Noticed a ynoxinul
  3533 | Abyss:2  | Noticed a smoke demon
  3537 | Abyss:2  | HP: 2/47 [poisoned by a naga (splash of poison)]
  3537 | Abyss:2  | Killed from afar by a smoke demon

Skill      XL: |  1  2  3  4 |
---------------+-------------+-----
Shields        | 4 5 |  5.0
Armour         | 4 |  4.8
Fighting       | 4 |  4.4
Dodging        | 1 2 |  2.3
Long Blades    | 3 |  3.1
Stealth        | |  0.3

Action                   |  1- 3 |  4- 6 || total
-------------------------+-------+-------++-------
Melee: Long sword        |   114 |   107 ||   221
       Headbutt          |    13 |    21 ||    34
 Abil: Evoke Berserk Rag |       |     1 ||     1
  Use: Scroll            |       |     2 ||     2
  Eat: Chunk             |     1 |     6 ||     7
       Royal jelly       |       |     1 ||     1
Armor: Scale mail        |    69 |    47 ||   116
Dodge: Dodged            |    38 |    46 ||    84
Block: Shield            |    67 |    82 ||   149
